 Dungeon Crawl Stone Soup version 0.31.0-1-g2c135a0 (webtiles) character file.

Game seed: 10194112412505183740

37 jagoly the Trooper (level 3, 0/24 HPs)
             Began as a Gargoyle Monk on Jan 27, 2024.
             Incinerated by a bombardier beetle (4 damage)
             ... with a burning spray
             ... on level 3 of the Dungeon.
             The game lasted 00:03:57 (701 turns).

jagoly the Trooper (Gargoyle Monk)                   Turns: 701, Time: 00:03:58

Health: 0/24       AC:  5    Str: 16    XL:     3   Next: 39%
Magic:  3/3        EV: 12    Int: 10    God:
Gold:   81         SH:  0    Dex: 12    Spells: 2/2 levels left

rFire   . . .        a - +0 hand axe
rCold   . . .        d - orb {light}
rNeg    + + .        b - +0 robe
rPois   ∞            (no helmet)
rElec   +            (no cloak)
rCorr   .            (no gloves)
SInv    .            (no boots)
Will    .....        (no amulet)
Stlth   +            n - ring of positive energy
HPRegen 0.24/turn    (no ring)
MPRegen 0.08/turn

%: no passive effects
@: on fire, glowing
A: sickness immunity, AC +3, negative energy resistance 1, electricity
resistance, torment resistance 1, petrification resistance
a: no special abilities


You were on level 3 of the Dungeon.
You visited 1 branch of the dungeon, and saw 3 of its levels.

You collected 81 gold pieces.

Inventory:

Hand Weapons
 a - a +0 hand axe (weapon)
 q - a +0 trident
Missiles
 k - 6 stones (quivered)
Armour
 b - a +0 robe (worn)
 d - an orb of light (worn)
Jewellery
 n - a ring of positive energy (left hand)
Scrolls
 e - a scroll of immolation {unknown}
 h - a scroll of teleportation {unknown}
 i - a scroll of identify {unknown}
 j - a scroll of enchant weapon {unknown}
 m - a scroll of noise {unknown}
Potions
 c - a potion of ambrosia
 f - a potion of brilliance {unknown}
 g - a potion of might {unknown}
 l - 2 potions of lignification {unknown}
 o - a potion of degeneration {unknown}
 p - a potion of invisibility {unknown}


   Skills:
 + Level 3.6 Fighting
 * Level 3.4 Axes
 - Level 2.4 Dodging
 + Level 1.6 Stealth


You had 2 spell levels left.
You didn't know any spells.
Your spell library was empty.

Dungeon Overview and Level Annotations

Branches:
Dungeon (3/15) Zot: 17274

Altars:

Annotations:
D:3 2 runed translucent doors, ImOTab's ghost, amateur GrEE


Innate Abilities, Weirdness & Mutations

You are immune to sickness and miasma.
Your stone body is resilient. (AC +3)
You are immune to poison.
You resist negative energy. (rN+)
You are resistant to electric shocks. (rElec)
You are resistant to unholy torment.
You are immune to petrification.


Message History

HP restored.
There is a stone staircase leading down here.
You climb downwards.
There is a stone staircase leading up here.
A ball python comes into view.
The ball python hisses angrily.
You hit the ball python.
The ball python is moderately wounded.
The ball python bites you. The ball python grabs you.
The ball python constricts you.
You hit the ball python.
You kill the ball python!
No target in view!
You open the door.
Found a scroll labelled PETIGO CIBOS.
There is an open door here.
h - a scroll labelled PETIGO CIBOS You open the door.
A giant cockroach comes into view.
You hit the giant cockroach but do no damage.
The giant cockroach bites you.
The giant cockroach bites you but does no damage.
You hit the giant cockroach but do no damage.
The giant cockroach closely misses you.
You hit the giant cockroach.
The giant cockroach is moderately wounded.
The giant cockroach bites you.
You barely miss the giant cockroach.
The giant cockroach is moderately wounded.
The giant cockroach bites you but does no damage. x2
You hit the giant cockroach but do no damage.
The giant cockroach is moderately wounded.
The giant cockroach barely misses you.
You hit the giant cockroach.
You kill the giant cockroach!
You have reached level 2!
There is an open door here.
You see here a giant cockroach corpse.
You open the door.
There is an open door here.
You open the door.
A frilled lizard comes into view.
The frilled lizard hisses angrily.
Found 11 gold pieces.
The frilled lizard bites you.
There is an open door here.
You hit the frilled lizard.
The frilled lizard is heavily wounded.
The frilled lizard bites you but does no damage.
You hit the frilled lizard.
You kill the frilled lizard!
Your Axes skill increases to level 3!
You see here a frilled lizard corpse.
You now have 11 gold pieces.
An endoplasm comes into view.
An endoplasm is nearby!
A rat comes into view.
The endoplasm quivers.
The rat squeaks loudly.
The endoplasm closely misses you.
You hit the endoplasm.
The endoplasm is heavily wounded.
The endoplasm freezes you.
You are frozen.
You hit the endoplasm.
You kill the endoplasm!
The rat closely misses you.
You hit the rat.
The rat is moderately wounded.
The rat barely misses you.
You barely miss the rat.
The rat is moderately wounded.
The rat misses you.
You barely miss the rat.
The rat is moderately wounded.
The rat bites you but does no damage. The rat misses you.
You slash the rat!
You kill the rat!
No target in view!
No target in view!
No target in view!
You see here a rat corpse.
HP restored.
Found a stone staircase leading up.
HP restored.
There is a stone staircase leading up here.
You climb upwards.
Found a faded altar of an unknown god.
There is a stone staircase leading down here.
You enter the shallow water.
Moving in this stuff is going to be slow.
A ball python comes into view.
The ball python hisses angrily.
The ball python moves out of view.
Found a scroll labelled TEIL NYVVOIRPHI.
You enter the shallow water.
Moving in this stuff is going to be slow.
The ball python bites you but does no damage.
The ball python barely misses you.
The ball python bites you but does no damage.
The ball python closely misses you.
You hit the ball python.
You kill the ball python!
Your Stealth skill increases to level 1!
No target in view!
No target in view!
i - a scroll labelled TEIL NYVVOIRPHI Why would you want to do that?
You enter the shallow water.
Moving in this stuff is going to be slow.
You enter the shallow water.
Moving in this stuff is going to be slow.
You enter the shallow water.
Moving in this stuff is going to be slow.
You enter the shallow water.
Moving in this stuff is going to be slow.
There is a faded altar of an unknown god here.
This altar belongs to (a) Elyvilon, (b) Gozag or (c) Nemelex Xobeh, but you can't tell which.
Press the corresponding letter to learn more about a god, or press enter to convert or escape to cancel.
Okay, then.
You enter the shallow water.
Moving in this stuff is going to be slow.
Found a stone staircase leading down.
Found a scroll labelled EMPUOD NUAB.
You enter the shallow water.
Moving in this stuff is going to be slow.
j - a scroll labelled EMPUOD NUAB
There is a stone staircase leading down here.
You climb downwards.
Found 13 gold pieces.
There is a stone staircase leading up here.
You hit the ribbon worm.
The ribbon worm is lightly wounded.
The ribbon worm closely misses you.
You hit the ribbon worm.
The ribbon worm is lightly wounded.
The ribbon worm closely misses you.
You hit the ribbon worm.
The ribbon worm is moderately wounded.
You hit the ribbon worm.
The ribbon worm is severely wounded.
The ribbon worm bites you.
You hit the ribbon worm but do no damage.
The ribbon worm is heavily wounded.
The ribbon worm bites you.
You hit the ribbon worm but do no damage.
The ribbon worm is heavily wounded.
The ribbon worm bites you.
You hit the ribbon worm.
The ribbon worm is heavily wounded.
The ribbon worm bites you.
* * * LOW HITPOINT WARNING * * *
You are too injured to fight recklessly!
You are too injured to fight recklessly!
Unknown command.
Cleave: a) +0 hand axe
Press: ? - help, Dir - move target, f - ribbon worm
Aim: a ribbon worm (heavily wounded, haloed, about 3% to evade your +0 hand axe)
You hit the ribbon worm but do no damage.
The ribbon worm is heavily wounded.
The ribbon worm barely misses you.
Cleave: a) +0 hand axe
Press: ? - help, Dir - move target, f/p - ribbon worm
Aim: a ribbon worm (moderately wounded, haloed, about 3% to evade your +0 hand axe)
You hit the ribbon worm but do no damage.
The ribbon worm is moderately wounded.
The ribbon worm expels a string of sticky webbing.
The stream of webbing hits you but does no damage.
You are caught in a web!
You cannot attack while caught in a web.
Unknown command.
The ribbon worm barely misses you.
You hit the ribbon worm.
The ribbon worm is heavily wounded.
The ribbon worm bites you.
* * * LOW HITPOINT WARNING * * *
You hit the ribbon worm but do no damage.
The ribbon worm is heavily wounded.
The ribbon worm bites you but does no damage.
You hit the ribbon worm.
The ribbon worm is severely wounded.
The ribbon worm barely misses you.
You hit the ribbon worm.
The ribbon worm is almost dead.
You hit the ribbon worm.
You kill the ribbon worm!
Found a stone staircase leading down.
You now have 24 gold pieces (gained 13).
A bat comes into view.
The bat closely misses you. The bat misses you.
You are too injured to fight recklessly!
You are too injured to fight recklessly!
Cleave: a) +0 hand axe
Press: ? - help, Dir - move target, f - bat
Aim: a bat (haloed, about 36% to evade your +0 hand axe)
You hit the bat.
You kill the bat!
Cleave: a) +0 hand axe
Press: ? - help, Dir - move target, f - you That would be overly suicidal.
Okay, then.
Unknown command.
There is a stone staircase leading down here.
You climb downwards.
There is a stone staircase leading up here.
You climb upwards.
There is a stone staircase leading down here.
A kobold comes into view. It is wielding a +0 club.
The kobold shouts!
A kobold is nearby!
The kobold hits you with a +0 club.
* * * LOW HITPOINT WARNING * * *
You are too injured to fight recklessly!
You are too injured to fight recklessly!
You are too injured to fight recklessly!
You hit the kobold.
You kill the kobold!
You see here a +0 club.
HP restored.
Found 3 stones.
A dart slug comes into view.
A dart slug is nearby!
The dart slug launches a dart at you. The slug dart hits you.
The dart slug bites you.
You hit the dart slug.
The dart slug is heavily wounded.
The dart slug bites you.
You hit the dart slug but do no damage.
The dart slug is heavily wounded.
The dart slug launches a dart at you. The slug dart misses you.
You hit the dart slug.
The dart slug is almost dead.
You completely miss the dart slug.
The dart slug is almost dead.
The dart slug closely misses you.
You hit the dart slug.
You kill the dart slug!
No target in view!
You open the door.
You see here 3 stones.
k - 3 stones As you open the door, it creaks loudly!
You hear a shout!
A hobgoblin comes into view.
The hobgoblin closely misses you.
There is an open door here.
You hit the hobgoblin.
The hobgoblin is severely wounded.
The hobgoblin hits you but does no damage.
You hit the hobgoblin but do no damage.
The hobgoblin is severely wounded.
The hobgoblin hits you but does no damage.
You hit the hobgoblin.
You kill the hobgoblin!
You see here a hobgoblin corpse.
Found 7 gold pieces.
A giant cockroach comes into view.
The giant cockroach closely misses you. The giant cockroach bites you.
You see here 7 gold pieces.
You hit the giant cockroach.
You kill the giant cockroach!
No target in view!
You now have 31 gold pieces (gained 7).
Found a stone staircase leading down.
Found a golden potion and a scroll labelled LALAC GEETUIP.
There is a stone staircase leading down here.
Found an encrusted silver ring.
l - a golden potion
m - a scroll labelled LALAC GEETUIP
n - a ring of positive energy You open the door.
Found 14 gold pieces.
n - a ring of positive energy (left hand)
There is an open door here.
You now have 45 gold pieces (gained 14).
You open the door.
There is an open door here.
Found a stone staircase leading down.
There is a stone staircase leading down here.
You climb downwards.
There is a stone staircase leading up here.
A rat comes into view.
The rat squeaks loudly.
Found a hand axe.
The rat barely misses you.
You barely miss the rat. The rat barely misses you.
You hit the rat.
You kill the rat!
No target in view!
No target in view!
You see here a +0 hand axe.
Found 4 stones.
Found a fizzy brown potion.
A bat comes into view.
A bat is nearby!
The bat barely misses you.
You slash the bat!
You kill the bat!
No target in view!
No target in view!
k - 7 stones (gained 4)
o - a fizzy brown potion
Found a ruby potion.
p - a ruby potion
Found 15 gold pieces.
A ball python comes into view.
The ball python hisses angrily.
A goblin comes into view. It is wielding a +0 dagger.
Found a robe.
The goblin shouts!
You hit the ball python.
You kill the ball python!
You have reached level 3!
Your experience leads to an increase in your attributes!
Increase (S)trength, (I)ntelligence, or (D)exterity?
You feel stronger. x2
You completely miss the goblin. The goblin closely misses you.
You hit the goblin.
You kill the goblin!
No target in view!
No target in view!
An orc comes into view. It is wielding a +0 flail.
The orc shouts!
Things that are here:
a +0 dagger; a goblin corpse You see here 15 gold pieces.
You hit the orc.
The orc is moderately wounded.
The orc misses you.
You hit the orc.
The orc is heavily wounded.
The orc hits you with a +0 flail. The orc barely misses you.
You completely miss the orc.
The orc is heavily wounded.
The orc barely misses you.
You hit the orc.
The orc is almost dead.
The orc hits you with a +0 flail.
You hit the orc.
You kill the orc!
No target in view!
You now have 60 gold pieces (gained 15).
You now have 72 gold pieces (gained 12).
Things that are here:
a +0 flail; a +0 ring mail; an orc corpse
Found a hand axe.
Found a golden potion.
Found 9 gold pieces.
l - 2 golden potions (gained 1)
A ball python comes into view.
You see here 9 gold pieces.
You now have 81 gold pieces (gained 9).
You slash the ball python!
You kill the ball python!
No target in view!
No target in view!
An orc comes into view. It is wielding a +0 trident.
The orc shouts!
A frilled lizard comes into view.
There are monsters nearby!
A giant cockroach and a rat come into view.
The giant cockroach moves out of view.
The orc hits you with a +0 trident.
You hit the orc.
The orc is severely wounded.
You hit the frilled lizard.
You kill the frilled lizard!
The orc barely misses you.
You slash the orc!
You kill the orc!
The giant cockroach closely misses you. The rat misses you.
The giant cockroach bites you but does no damage.
Things that are here:
a +0 trident; an orc corpse You barely miss the rat.
You hit the giant cockroach. The rat barely misses you.
The giant cockroach closely misses you.
You hit the giant cockroach but do no damage.
The giant cockroach is moderately wounded.
You hit the rat.
You kill the rat!
The giant cockroach misses you. The giant cockroach barely misses you.
You hit the giant cockroach.
You kill the giant cockroach!
No target in view!
No target in view!
q - a +0 trident A ribbon worm comes into view.
Found 3 scrolls labelled ACAOTWUUNLA.
ImOTab's ghost turns its malevolent gaze towards you.
Press: ? - help, v - describe, . - travel A stone wall.
This square is lit by a halo.
Unknown command.
You hit the ribbon worm.
The ribbon worm is lightly wounded.
The ribbon worm expels a string of sticky webbing.
The stream of webbing hits you but does no damage.
You are caught in a web!
The web tears apart.
You hit the ribbon worm.
The ribbon worm is moderately wounded.
The ribbon worm bites you.
You hit the ribbon worm.
The ribbon worm is moderately wounded.
The ribbon worm bites you.
You hit the ribbon worm but do no damage.
The ribbon worm is lightly wounded.
ImOTab's ghost whispers, "Death is liberation."
The ribbon worm bites you but does no damage.
You hit the ribbon worm but do no damage.
The ribbon worm is lightly wounded.
The ribbon worm expels a string of sticky webbing.
The stream of webbing hits you but does no damage.
You are caught in a web!
You struggle to detach yourself from the web.
The ribbon worm barely misses you.
The web tears apart.
The ribbon worm barely misses you.
You slash the ribbon worm!
The ribbon worm is heavily wounded.
The ribbon worm bites you.
You hit the ribbon worm.
The ribbon worm is heavily wounded.
You hit the ribbon worm.
The ribbon worm is almost dead.
The ribbon worm closely misses you.
You hit the ribbon worm.
You kill the ribbon worm!
No reachable target in view!
A kobold comes into view. It is wielding a +0 dagger.
The kobold shouts!
The kobold throws a stone.
The stone barely misses you.
The kobold throws a stone.
The stone hits you.
A bombardier beetle comes into view.
The kobold closely misses you.
You hit the kobold.
You kill the kobold!
The bombardier beetle sprays incendiary fluid at you.
The burning spray hits you.
You are covered in liquid fire!
You shake off some of the fire as you move.
The liquid fire burns you!
Found an escape hatch in the ceiling.
You shake off some of the fire as you move.
The liquid fire burns you!
The bombardier beetle sprays incendiary fluid at you.
The burning spray hits you.
You are even more covered in liquid fire!
You shake off some of the fire as you move.
The liquid fire burns you!
* * * LOW HITPOINT WARNING * * *
The bombardier beetle bites you but does no damage.
Found a stone staircase leading down.
You shake off some of the fire as you move.
The liquid fire burns you!
* * * LOW HITPOINT WARNING * * *
You shake off some of the fire as you move.
The liquid fire burns you!
* * * LOW HITPOINT WARNING * * *
The bombardier beetle closely misses you.
Found 9 gold pieces.
You shake off the liquid fire.
Throw: 7 stones
Press: ? - help, Shift-Dir - straight line, f - bombardier beetle
Aim: a bombardier beetle (haloed, 88% to hit)
You throw a stone. The stone hits the bombardier beetle.
The bombardier beetle is lightly wounded.
Cleave: a) +0 hand axe
Press: ? - help, Dir - move target, f/p - bombardier beetle
Aim: a bombardier beetle (lightly wounded, haloed, about 10% to evade your +0 hand axe)
You hit the bombardier beetle.
The bombardier beetle is moderately wounded.
The bombardier beetle bites you.
* * * LOW HITPOINT WARNING * * *
Cleave: a) +0 hand axe
Press: ? - help, Dir - move target, f/p - bombardier beetle
Aim: a bombardier beetle (moderately wounded, haloed, about 10% to evade your +0 hand axe)
You slash the bombardier beetle!
The bombardier beetle is severely wounded.
Cleave: a) +0 hand axe
Press: ? - help, Dir - move target, f/p - bombardier beetle
Aim: a bombardier beetle (severely wounded, haloed, about 10% to evade your +0 hand axe)
You hit the bombardier beetle but do no damage.
The bombardier beetle is severely wounded.
The bombardier beetle bites you but does no damage.
Cleave: a) +0 hand axe
Press: ? - help, Dir - move target, f/p - bombardier beetle
Aim: a bombardier beetle (severely wounded, haloed, about 10% to evade your +0 hand axe)
You hit the bombardier beetle.
The bombardier beetle is almost dead.
The bombardier beetle sprays incendiary fluid at you.
The burning spray hits you.
You are covered in liquid fire!
Cleave: a) +0 hand axe
Press: ? - help, Dir - move target, f/p - bombardier beetle
Aim: a bombardier beetle (almost dead, haloed, about 10% to evade your +0 hand axe)
You hit the bombardier beetle.
You kill the bombardier beetle!
The liquid fire burns you!
You die...

#....# #≈## ##.##..
.?..## .....## §§.#.#
#.#..# #.8≈. #.#.# .~~W#
#.#.######## ++###
#.#.#....>.# ....#
#####...#......# ....#
#...#...@......#
....#####......##......#
.†..........#..# ......#
...............# $.....#
....#####....#.# #######
....# #)...#..# .####
####.##.# ### #.# .< .#
..# #####.#####.#


There were no monsters in sight!

Vanquished Creatures
  A bombardier beetle (D:3)
  A dart slug (D:2)
  2 ribbon worms
  2 orcs (D:3)
  2 endoplasms
  3 giant cockroaches
  A goblin (D:3)
  A hobgoblin (D:2)
  2 kobolds
  5 ball pythons
  4 bats
  2 frilled lizards
  4 rats
30 creatures vanquished.

Notes
Turn   | Place    | Note
-------+----------+-------------------------------------------
     0 | D:1      | jagoly the Gargoyle Monk began the quest for the Orb.
     0 | D:1      | Reached XP level 1. HP: 14/14 MP: 1/1
   187 | D:2      | Reached XP level 2. HP: 17/19 MP: 2/2
   264 | D:1      | Found a faded altar of an unknown god.
   274 | D:1      | Reached skill level 1 in Stealth
   602 | D:3      | Reached XP level 3. HP: 23/23 MP: 3/3
   660 | D:3      | Found a large runed translucent door.
   660 | D:3      | Found a large runed translucent door.
   664 | D:3      | Noticed ImOTab's ghost (amateur GrEE)
   701 | D:3      | Incinerated by a bombardier beetle

Illustrated notes

Levels and vault maps discovered:
D:1:      sevenhm_arrival_forest_fort_large_4, layout_loops_ring,
          chequers_ecumenical_altar_island, minmay_3d_cube
D:2:      layout_basic
D:3:      layout_rooms, ebering_ghost_disaster_area, minmay_misc_feat_rows

Skill      XL: |  1  2 |
---------------+-------+-----
Axes           | 3 |  3.4
Stealth        | 1 |  1.6
Fighting       | |  3.6
Dodging        | |  2.4

Action                     || total
---------------------------++-------
  Melee: Hand axe          ||    87
  Throw: Stone             ||     1
 Armour: Robe              ||    47
  Dodge: Dodged            ||    51
